 Dungeon Crawl Stone Soup version 0.30-a0-830-gfe289a77b0 (webtiles) character file.

Game seed: 15826636011708938277

12497 Newt the Markskobold (level 12, -9/68 HPs)
             Began as a Kobold Hunter on Feb 28, 2023.
             Was a Follower of Hepliaklqana.
             Killed from afar by a hell hog (57 damage)
             ... with a fireball
             ... in a volcano.
             The game lasted 00:13:35 (13121 turns).

Newt the Markskobold (Kobold Hunter)               Turns: 13121, Time: 00:13:36

Health: -9/68      AC: 14    Str:  3    XL:     12   Next: 21%
Magic:  30/30      EV: 23    Int: 17    God:    Hepliaklqana [*.....]
Gold:   584        SH:  0    Dex: 22    Spells: 11/11 levels left

rFire   x . .      SeeInvis +    a - +2 shortbow (heavy)
rCold   . . .      Faith    +    (shield currently unavailable)
rNeg    . . .      Spirit   .    v - +5 steam dragon scales
rPois   .          Reflect  .    (no helmet)
rElec   .          Harm     .    q - +0 cloak
rCorr   +          Rampage  .    (no gloves)
Will    +....                    M - +1 pair of boots {Stlth+}
Stlth   ++++                     p - amulet of faith
HPRegen 0.31/turn                G - ring of Accord {Fly Will+ rCorr MP+9 Str-5}
MPRegen 0.22/turn                y - ring "Biru" {rF- MP+9 Int+5 SInv}

@: flying
A: reduced essence, small, no large weapons, nightstalker 3
a: Renounce Religion, Recall Ancestor, Ancestor Identity


You were in a volcano.
You worshipped Hepliaklqana.
Hepliaklqana was aware of your devotion.
You visited 3 branches of the dungeon, and saw 13 of its levels.
You also visited: Ossuary and Volcano.

You collected 750 gold pieces.
You spent 166 gold pieces at shops.

Inventory:

Hand Weapons
 a - a +2 heavy shortbow (weapon)
 e - a +2 spear of venom
Missiles
 K - a throwing net
Armour
 c - a +1 leather armour
 q - a +0 cloak (worn)
 r - a +2 leather armour of willpower
 v - +5 steam dragon scales (worn)
 M - a +1 pair of boots of stealth (worn)
Jewellery
 j - an amulet of magic regeneration
 n - a +6 ring of intelligence
 p - an amulet of faith (around neck)
 y - the ring "Biru" (right hand) {rF- MP+9 Int+5 SInv}
   (You found it on level 6 of the Dungeon)

   [ring of magical power]

   Int:       It affects your intelligence (+5).
   rF:        It makes you vulnerable to fire.
   MP:        It affects your magic capacity (+9).
   SInv:      It lets you see invisible.
 A - a +4 ring of protection
 G - the ring of Accord (left hand) {Fly Will+ rCorr MP+9 Str-5}
   (You acquired it on level 10 of the Dungeon)

   [ring of willpower]

   Str:       It affects your strength (-5).
   MP:        It affects your magic capacity (+9).
   Fly:       It grants you flight.
   rCorr:     It protects you from acid and corrosion.
   Will:      It increases your willpower.
 I - a ring of protection from fire
Wands
 k - a wand of flame (33)
 t - a wand of polymorph (11)
 w - a wand of charming (9)
 C - a wand of light (1)
 E - a wand of digging (7)
Scrolls
 b - 4 scrolls of immolation
 h - a scroll of amnesia
 l - a scroll of fear
 m - 5 scrolls of teleportation
 B - 2 scrolls of vulnerability
 F - a scroll of silence
Potions
 d - 2 potions of curing
 f - 3 potions of degeneration
 g - 7 potions of magic
 i - 3 potions of flight
 o - 2 potions of cancellation
 s - 3 potions of brilliance
 u - 3 potions of might
 x - 2 potions of resistance
 z - 2 potions of mutation {unknown}
 D - 4 potions of heal wounds
 H - a potion of lignification {unknown}
 L - a potion of berserk rage {unknown}
Miscellaneous
 J - a piece from Xom's chessboard (15/15)


   Skills:
 - Level 9.0 Fighting
 - Level 16.0 Ranged Weapons
 - Level 5.0 Armour
 - Level 10.0 Dodging
 - Level 1.3 Stealth
 + Level 8.3 Evocations


You had 11 spell levels left.
You didn't know any spells.
Your spell library contained the following spells:

 Spells                   Type           Power      Damage    Failure   Level
 Foxfire                  Conj/Fire      0%         2x1d4     24%         1
 Blink                    Tloc           0%         N/A       34%         2
 Lesser Beckoning         Tloc           0%         N/A       34%         2
 Momentum Strike          Conj/Tloc      0%         3d8       34%         2
 Frozen Ramparts          Ice            0%         1d1       56%         3
 Gell's Gravitas          Tloc           0%         N/A       56%         3
 Ignite Poison            Fire/Tmut/Pois 0%         N/A       56%         3
 Teleport Other           Tloc           0%         N/A       56%         3
 Animate Armour           Summ/Erth      0%         N/A       93%         4
 Ice Form                 Ice/Tmut       0%         N/A       93%         4
 Sticky Flame             Conj/Fire      0%         2d3       93%         4
 Summon Ice Beast         Ice/Summ       0%         N/A       93%         4
 Blade Hands              Tmut           0%         N/A       100%        5
 Fireball                 Conj/Fire      0%         3d3       100%        5
 Dispersal                Tloc           0%         N/A       100%        6
 Iron Shot                Conj/Erth      0%         9d1       100%        6
 Starburst                Conj/Fire      0%         6d3       100%        6
 Ignition                 Fire           0%         3d3       100%        8


Dungeon Overview and Level Annotations

Branches:
Dungeon (10/15)            Temple (1/1) D:7            Lair (2/5) D:9
    Orc (0/2) D:10        Ossuary (visited)         Volcano (1/1)
  Swamp: Lair:2-3    Shoals: Lair:2-3     Snake: Lair:2-3    Spider: Lair:2-3

Altars:
Ashenzari
Cheibriados
Dithmenos
Elyvilon
Fedhas
Gozag
Hepliaklqana
Kikubaaqudgha
Makhleb
Nemelex Xobeh
Okawaru
Qazlal
Ru
Sif Muna
Trog
Uskayaw
Vehumet
Wu Jian
Xom
Yredelemnul
Zin
The Shining One

Shops:
D:5 *![(*


Innate Abilities, Weirdness & Mutations

Your life essence is reduced to manifest your ancestor. (-10% HP)
You are small and have problems with some larger weapons.
You are completely attuned to the shadows.


Message History

Lucia hits the two-headed ogre!
You shoot an arrow. Lucia avoids your attack.
The arrow hits the two-headed ogre!
The two-headed ogre is heavily wounded.
The air gets thick with the scent of sulphur.
The two-headed ogre hits Lucia with a +0 giant club of flaming!!
The two-headed ogre burns Lucia.
The two-headed ogre hits Lucia with a +4 great mace of flaming!
Lucia is destroyed!
You shoot an arrow. The arrow hits the two-headed ogre!
The two-headed ogre is severely wounded.
You shoot an arrow. The arrow hits the two-headed ogre.
The two-headed ogre is severely wounded.
A salamander comes into view.
You shoot an arrow. The arrow hits the two-headed ogre!!
You kill the two-headed ogre!
In the distance, the volcano erupts with a roar.
The salamander wields a +0 shortbow of flaming.
It bursts into flame!
The salamander shoots an arrow.
The arrow completely misses you.
Your Evocations skill increases to level 8!
You shoot an arrow.
The arrow hits the salamander but does no damage.
You shoot an arrow. The arrow hits the salamander!
The salamander is moderately wounded.
The salamander unwields a +0 shortbow of flaming.
It stops flaming.
The salamander hits you.
You are engulfed in flames!
The fire burns you terribly!
You shoot an arrow. The arrow hits the salamander.
The salamander is moderately wounded.
The salamander closely misses you.
You shoot an arrow. The arrow hits the salamander!
The salamander is heavily wounded.
The hell hog barely misses you. The salamander misses you. x2
Okay, then.
Okay, then.
The hell hog breathes fire at you.
The fireball explodes!
The fireball engulfs you!!! The fire burns you terribly!
Ouch! That really hurt!
You die...

......≈~≈≈≈≈≈≈≈#
####..~≈≈≈≈≈≈≈≈#
.$##.~~≈≈≈≈≈≈≈#
...#..~≈≈≈≈≈≈≈#
h..'N~~≈≈≈≈≈≈≈#
#)~≈~≈≈≈≈≈≈#
##Nh~≈≈≈≈≈≈≈#
.####..~~≈≈≈≈≈≈≈#
.......~@≈≈≈≈≈≈≈#
.####...≈≈≈≈≈≈≈≈#
##...≈≈≈≈≈≈≈#
#..~~≈≈≈≈≈≈#
#.~.~≈≈≈≈≈≈#
#.~≈≈≈≈≈≈≈≈#
##.~~≈≈≈≈≈≈≈#
####...≈≈≈≈≈≈≈≈#
......~≈≈≈≈≈≈≈≈#


You could see 2 salamanders and a hell hog (catching breath).

Vanquished Creatures
  A centaur warrior (D:8)
  5 two-headed ogres
  Pikel (D:8)
  Joseph (D:7)
  Maggie (D:8)
  A komodo dragon (Lair:1)
  A troll (D:10)
  A hornet (D:9)
  2 shadows
  3 wyverns (D:9)
  9 yaks
  Grum (D:8)
  A fire bat (Volcano)
  A steam dragon (D:9)
  3 wargs (D:10)
  Menkaure (D:5)
  An acid dragon (D:9)
  A hell hound (Volcano)
  3 water moccasins
  2 orc warriors
  4 black bears
  An ice beast (D:8)
  2 sky beasts (D:8)
  2 wolves (D:8)
  3 ogres
  5 centaurs
  3 lemures (D:7)
  2 phantoms
  5 kobold brigands
  7 bullfrogs
  4 scorpions
  A necrophage (D:5)
  2 water moccasin zombies (Ossuary)
  5 killer bees (D:9)
  3 howler monkeys
  3 hounds
  2 jellies (D:6)
  2 orc priests
  Jessica (D:3)
  3 iguanas
  Natasha (thrice) (D:2)
  2 orc wizards (D:7)
  2 mummies (Ossuary)
  3 adders
  A shadow imp (D:5)
  2 white imps
  An ufetubus (D:5)
  7 adder zombies (Ossuary)
  2 worms (D:4)
  10 orcs
  3 bats (D:1)
  8 endoplasms
  2 giant cockroaches
  6 gnoll zombies (Ossuary)
  7 goblins
  6 hobgoblins
  3 jackals (D:4)
  28 kobolds
  2 quokkas
  3 ball pythons
  3 frilled lizards
  4 hobgoblin zombies (Ossuary)
  3 kobold zombies (Ossuary)
  6 orc zombies (Ossuary)
  8 rats
225 creatures vanquished.

Vanquished Creatures (others)
  A wizard (D:8)
  3 ancestors
  A dart slug (D:1)
  A fungus (Lair:2)
  6 plants
12 creatures vanquished.

Grand Total: 237 creatures vanquished

Notes
Turn   | Place    | Note
-------+----------+-------------------------------------------
     0 | D:1      | Newt the Kobold Hunter began the quest for the Orb.
     0 | D:1      | Reached XP level 1. HP: 12/12 MP: 1/1
   291 | D:1      | Reached XP level 2. HP: 18/18 MP: 2/2
   789 | D:1      | Reached XP level 3. HP: 22/23 MP: 3/3
  1738 | D:2      | Noticed Natasha
  1744 | D:2      | Killed Natasha
  1745 | D:2      | Reached XP level 4. HP: 30/30 MP: 4/4
  1841 | D:2      | Noticed Natasha
  1846 | D:2      | Killed Natasha
  1847 | D:2      | Reached skill level 5 in Fighting
  2071 | D:2      | Noticed Natasha
  2078 | D:2      | Killed Natasha
  2079 | D:2      | Reached skill level 6 in Ranged Weapons
  2079 | D:2      | Reached XP level 5. HP: 34/35 MP: 5/5
  2293 | D:3      | Found a glowing silver altar of Zin.
  2302 | D:3      | Noticed Jessica
  2307 | D:3      | Killed Jessica
  2437 | D:3      | Found a faded altar of an unknown god.
  2641 | D:4      | Identified the +1 mace of the Desert {freeze, rElec rN+
                  | Str+4 Dex+3}
  2697 | D:4      | Reached skill level 7 in Ranged Weapons
  2811 | D:4      | Reached XP level 6. HP: 19/40 MP: 6/6
  3275 | D:4      | Reached skill level 8 in Ranged Weapons
  3579 | D:4      | Noticed an ogre
  3582 | D:4      | Killed an ogre
  3583 | D:4      | Reached skill level 9 in Ranged Weapons
  3583 | D:4      | Reached XP level 7. HP: 44/44 MP: 7/7
  3648 | D:5      | Entered Level 5 of the Dungeon
  3665 | D:5      | Found Zonaor's Armour Shop.
  3682 | D:5      | Found Ykhioq's Distillery.
  3687 | D:5      | Bought a potion of haste for 100 gold pieces
  3687 | D:5      | Bought a potion of brilliance for 40 gold pieces
  3729 | D:5      | Noticed Menkaure
  3736 | D:5      | Killed Menkaure
  3737 | D:5      | Reached skill level 10 in Ranged Weapons
  3810 | D:5      | Noticed a water moccasin
  3817 | D:5      | Killed a water moccasin
  3818 | D:5      | Reached XP level 8. HP: 41/49 MP: 8/8
  3827 | D:5      | Reached skill level 5 in Dodging
  4179 | D:5      | Found Adathudumun's General Store.
  4251 | D:5      | You fall into a shaft and drop 2 floors!
  4808 | D:5      | Found a basalt altar of Yredelemnul.
  4808 | D:5      | Found a shimmering altar of Xom.
  4808 | D:5      | Found a hide-covered altar of Uskayaw.
  4828 | D:5      | Found Caworphe's Antique Weapon Emporium.
  5116 | D:5      | Found Jagidemnob's General Store.
  5398 | D:5      | Bought a scroll of identify for 26 gold pieces
  5449 | D:6      | Reached XP level 9. HP: 54/54 MP: 9/9
  5602 | D:6      | Identified the +1 leather armour of Amieg {rF++ Str-3
                  | Dex+4}
  5715 | D:6      | Identified the ring "Biru" {rF- MP+9 Int+5 SInv}
  5818 | D:6      | Reached skill level 10 in Dodging
  5836 | D:6      | Identified the +5 trident "Emodich" {flame, Dex+3}
  6129 | D:6      | Found a radiant altar of Vehumet.
  6238 | D:7      | Reached skill level 11 in Ranged Weapons
  6639 | D:7      | Found a white marble altar of Elyvilon.
  6678 | D:7      | Reached skill level 12 in Ranged Weapons
  6892 | D:7      | Found a staircase to the Ecumenical Temple.
  7082 | Temple   | Entered the Ecumenical Temple
  7639 | D:8      | Noticed Pikel
  7678 | D:8      | Noticed Joseph
  7684 | D:8      | Killed Pikel
  7685 | D:8      | Reached skill level 13 in Ranged Weapons
  7685 | D:8      | Reached XP level 10. HP: 38/59 MP: 10/10
  7706 | D:7      | Killed Joseph
  7707 | D:7      | Reached skill level 14 in Ranged Weapons
  7856 | D:8      | Found a sand-covered staircase.
  7863 | Ossuary  | Entered an ossuary
  8128 | D:8      | Noticed Maggie
  8141 | D:8      | Killed Maggie
  8243 | D:8      | Noticed Grum
  8273 | D:8      | Killed Grum
  8543 | D:8      | Noticed a centaur warrior
  8698 | D:8      | Killed a centaur warrior
  9025 | D:8      | Found a bloodstained altar of Trog.
  9028 | D:8      | Noticed a wizard
  9040 | D:8      | Killed a wizard
  9076 | D:9      | Noticed a two-headed ogre
  9089 | D:9      | Killed a two-headed ogre
  9090 | D:9      | Reached skill level 5 in Evocations
  9090 | D:9      | Reached XP level 11. HP: 41/71 MP: 11/11
  9138 | D:9      | Reached skill level 1 in Armour
 10361 | D:9      | Reached skill level 5 in Armour
 10471 | D:9      | Found a hazy altar of Hepliaklqana.
 10476 | D:9      | Found a snail-covered altar of Cheibriados.
 10477 | D:9      | Became a worshipper of Hepliaklqana the Forgotten
 10575 | D:9      | Found a staircase to the Lair.
 10642 | D:10     | Entered Level 10 of the Dungeon
 10642 | D:10     | Noticed a two-headed ogre
 10654 | D:10     | Killed a two-headed ogre
 11165 | D:10     | Identified a scroll of acquirement
 11165 | D:10     | Acquired the ring of Accord {Fly Will+ rCorr MP+9 Str-5}
 11551 | D:10     | Reached skill level 15 in Ranged Weapons
 11934 | D:10     | Found an ornate altar of the Wu Jian Council.
 11980 | D:10     | Found a staircase to the Orcish Mines.
 12449 | D:10     | Reached * piety under Hepliaklqana
 12573 | Lair:1   | Entered Level 1 of the Lair of Beasts
 12626 | Lair:1   | Noticed a death yak
 12627 | Lair:1   | Noticed a death yak
 12628 | Lair:1   | Noticed a death yak
 12631 | Lair:1   | Noticed a death yak
 12749 | Lair:1   | Found a dark tunnel.
 12755 | Volcano  | Entered a volcano
 12850 | Volcano  | Noticed a two-headed ogre
 12850 | Volcano  | Noticed a two-headed ogre
 12869 | Volcano  | Killed a two-headed ogre
 12870 | Volcano  | Reached skill level 16 in Ranged Weapons
 12870 | Volcano  | Reached XP level 12. HP: 56/68 MP: 12/12
 12964 | Volcano  | Killed a two-headed ogre
 13103 | Volcano  | Noticed a two-headed ogre
 13103 | Volcano  | Noticed a hell hog
 13115 | Volcano  | Killed a two-headed ogre
 13121 | Volcano  | Killed from afar by a hell hog

Illustrated notes

Levels and vault maps discovered:
D:1:      spicycebolla_arrival_xxxplode, layout_basic, lemuel_flame_loot_1
D:2:      cheibrodos_helix_gallery, layout_basic, wad_floor_pattern_untrapped,
          chequers_hall_statues_wall_a, corexii_item_surrounded_by_moat,
          uniq_natasha
D:3:      layout_rooms, mainiacjoe_overflow_paths,
          shapermc_ecumenical_altar_ellora, uniq_jessica
D:4:      layout_basic
D:5:      layout_basic, gammafunk_temple_overflow_claw, serial_shops, shop,
          shop_statue, kennysheep_mini, shop, nicolae_stop_n_shop_2,
          hangedman_decor_diamond_cutter, uniq_menkaure
D:6:      layout_loops_ring, lemuel_tele_altar
D:7:      layout_basic, nicolae_elyvilon_temple_path, minmay_temple_entry_waves
D:8:      layout_rooms, trog_wizard, nicolae_ossuary_entry_monument,
          uniq_maggie, uniq_joseph, uniq_grum, uniq_pikel
D:9:      minmay_recursive_quarters, layout_cave_pools,
          grunt_temple_overflow_open, david_lair_generic
D:10:     layout_long_grid, nicolae_wu_jian_wuxing_cycle,
          minmay_orc_entry_guard_dogs, kennysheep_nub
Temple:   nicolae_temple_no_exploring_needed
Lair:1:   layout_hall_layers, nicolae_volcano_entry_lava_flow,
          gammafunk_lair_bear_cave
Lair:2:   hellmonk_ruined_rings, layout_misc_corridors
Volcano:  volcano_village

Skill      XL: |  1  2  3  4  5  6  7  8  9 10 11 12 |
---------------+-------------------------------------+-----
Fighting       | 3 4 5 9 |  9.0
Ranged Weapons | 6 7 9 10 13 14 16 | 16.0
Dodging        | 4 8 10 | 10.0
Evocations     | 5 6 8 |  8.3
Armour         | 5 |  5.0
Stealth        | |  1.3

Action                     |  1- 3 |  4- 6 |  7- 9 | 10-12 || total
---------------------------+-------+-------+-------+-------++-------
  Melee: Spear             |    75 |    85 |       |       ||   160
         Punch             |     1 |     1 |       |       ||     2
   Fire: Shortbow          |     9 |    27 |   280 |   441 ||   757
  Evoke: Wand              |       |       |       |     3 ||     3
    Use: Scroll            |     8 |     4 |     5 |    12 ||    29
         Potion            |       |     2 |     2 |     2 ||     6
   Stab: Sleeping          |    16 |    10 |       |       ||    26
         Distracted        |     2 |       |       |       ||     2
 Armour: Leather armour    |     4 |    18 |    31 |    13 ||    66
         Steam dragon scal |       |       |       |    42 ||    42
  Dodge: Dodged            |    22 |    51 |   176 |   324 ||   573

Table legend: (Time is in decaauts)
 A = Elapsed time spent in this place.
 B = Non-inter-level travel time spent in this place.
 C = Inter-level travel time spent in this place.
 D = Time resting spent in this place.
 E = Time spent auto-exploring this place.
 F = Levels seen in this place.
 G = Mean time per level.
                   A        B        C        D        E       F      G
               +--------+--------+--------+--------+--------+-----+--------+
         Total |  13056 |  12590 |    466 |   3014 |   7846 |  15 |  870.4 |
       Dungeon |  12303 |  11845 |    458 |   2937 |   7414 |  10 | 1230.3 |
        Temple |     36 |     28 |      8 |      0 |     18 |   1 |   36.0 |
          Lair |    181 |    181 |      0 |      0 |    112 |   2 |   90.5 |
       Ossuary |    168 |    168 |      0 |      0 |     86 |   1 |  168.0 |
       Volcano |    365 |    365 |      0 |     77 |    216 |   1 |  365.0 |
               +--------+--------+--------+--------+--------+-----+--------+

Top non-repeatable levels by time:
     D:7: 1893 daAuts
    D:10: 1877 daAuts
     D:9: 1604 daAuts
     D:5: 1362 daAuts
     D:1: 1209 daAuts
     D:4: 1026 daAuts
     D:8: 997 daAuts
     D:2: 925 daAuts
     D:6: 900 daAuts
     D:3: 508 daAuts
 Volcano: 365 daAuts
 Ossuary: 168 daAuts
  Lair:1: 102 daAuts
  Lair:2: 79 daAuts
  Temple: 36 daAuts
